 Dungeon Crawl Stone Soup version 0.21.1-1-g345015fe64 (webtiles) character file.

112 Gargoyl the Skirmisher (level 4, -4/40 HPs)
             Began as a Centaur Abyssal Knight on June 4, 2018.
             Was a Believer of Lugonu.
             Slain by Crazy Yiuf
             ... wielding a +3 quarterstaff of chaos
              (10 damage)
             ... on level 3 of the Dungeon on June 5, 2018.
             The game lasted 00:05:22 (3025 turns).

Gargoyl the Skirmisher (Centaur Abyssal Knight)     Turns: 3025, Time: 00:05:22

Health: -4/40      AC:  7    Str: 14    XL:     4   Next: 63%
Magic:  5/5        EV:  4    Int: 11    God:    Lugonu [**....]
Gold:   184        SH:  0    Dex: 10    Spells: 3/3 levels left

rFire    + . .     SeeInvis .   l - +0 war axe
rCold    . . .     Gourm    .   (no shield)
rNeg     . . .     Faith    .   n - +0 chain mail
rPois    .         Spirit   .   (no helmet)
rElec    .         Reflect  .   (no cloak)
rCorr    .         Harm     .   (no gloves)
MR       .....                  (no barding)
Stlth    ..........             (no amulet)
HPRegen  0.13/turn              d - ring of protection from fire
MPRegen  0.09/turn              (no ring)

@: lethally poisoned (-4 -> -11), flying, drained, very quick
A: large, hooves 3, deformed body, speed 2, tough skin 3
a: Depart the Abyss, Bend Space, Renounce Religion


You were on level 3 of the Dungeon.
You worshipped Lugonu.
Lugonu was pleased with you.
You were near starving.

You visited 1 branch of the dungeon, and saw 3 of its levels.
You visited the Abyss 1 time.

You collected 184 gold pieces.

Inventory:

Hand Weapons
 a - a +1 hand axe
 l - a +0 war axe (weapon)
Armour
 n - a +0 chain mail (worn)
Jewellery
 d - a ring of protection from fire (left hand)
Scrolls
 b - a scroll of enchant weapon {unknown}
 i - 3 scrolls of remove curse
 j - a scroll of amnesia
 o - a scroll of teleportation
Potions
 f - a potion of agility {unknown}
 g - a potion of cancellation {unknown}
 h - a potion of heal wounds {unknown}
 k - a potion of lignification {unknown}
 m - 2 potions of might
 p - a potion of berserk rage {unknown}
Comestibles
 c - 5 rations


   Skills:
 + Level 3.7(3.4) Fighting
 + Level 2.7(2.4) Axes
 * Level 2.2(1.9) Armour
 + Level 1.0(0.7) Dodging
 * Level 2.6(2.3) Invocations


You had 3 spell levels left.
You didn't know any spells.

Dungeon Overview and Level Annotations

Branches:
Dungeon (3/15)

Altars:
Dithmenos
Qazlal

Annotations:
D:3 Crazy Yiuf


Innate Abilities, Weirdness & Mutations

You have hooves in place of feet.
Armour fits poorly on your strangely shaped body.
You cover ground very quickly.
You have extremely tough skin. (AC +3)


Message History

There is an open door here.
You completely miss Crazy Yiuf. Your kick misses Crazy Yiuf.
Crazy Yiuf hits you with a quarterstaff of chaos.
You are poisoned.
You hit Crazy Yiuf but do no damage. You kick Crazy Yiuf!
Crazy Yiuf is moderately wounded.
You feel sick. Crazy Yiuf hits you but does no damage.
You are electrocuted!
Your chain mail prevents you from hitting Crazy Yiuf.
You kick Crazy Yiuf, but do no damage.
Crazy Yiuf is moderately wounded.
You feel sick.
Crazy Yiuf hits you with a quarterstaff of chaos!
* * * LOW HITPOINT WARNING * * *
You feel drained.
* * * LOW HITPOINT WARNING * * *
It was a potion of flight.
You feel very buoyant.
You fly up into the air.
Crazy Yiuf hits you with a quarterstaff of chaos!
You die...

#.# #..# #.# #..## #.#
#...# ### #####
♣♣♣♣♣### ####
♣♣♣.♣....## ##
#...#♣..♣.P....## #.
#..g@.♣♣♣♣.P....####.
#)..#♣♣ ♣♣P...<.....
#### ♣♣##.......
#.#####. #.# ## ###
#####.##
#.#########.##...####
#...................#
###########.##..###.##


You could see Crazy Yiuf.

Vanquished Creatures
  3 adders
  A worm (D:3)
  A dart slug (D:1)
  3 leopard geckos
  6 orcs (D:3)
  A ball python (D:3)
  7 bats
  4 giant cockroaches
  10 goblins
  11 hobgoblins
  9 kobolds
  5 frilled lizards
  6 rats
67 creatures vanquished.

Notes
Turn   | Place    | Note
-------+----------+-------------------------------------------
     0 | Abyss:1  | Gargoyl the Centaur Abyssal Knight began the quest for the Orb.
     0 | Abyss:1  | Reached XP level 1. HP: 19/19 MP: 2/2
    45 | Abyss:1  | Noticed a small abomination
    65 | Abyss:1  | Noticed a small abomination
    65 | Abyss:1  | Noticed a spatial vortex
    66 | Abyss:1  | Noticed a raiju
    67 | Abyss:1  | Noticed a spatial vortex
    71 | Abyss:1  | Noticed a spatial maelstrom
    72 | Abyss:1  | Noticed a spatial vortex
    72 | Abyss:1  | Noticed a spatial vortex
    84 | Abyss:1  | Found a corrupted altar of Lugonu.
   151 | Abyss:1  | Noticed a hellwing
   174 | D:1      | Escaped the Abyss
   483 | D:1      | Reached XP level 2. HP: 23/26 MP: 3/3
   583 | D:1      | Reached * piety under Lugonu
  1067 | D:2      | Reached XP level 3. HP: 30/31 MP: 4/4
  1498 | D:2      | Found a stormy altar of Qazlal.
  2108 | D:3      | Reached skill level 1 in Dodging
  2154 | D:3      | Reached XP level 4. HP: 39/40 MP: 5/5
  2404 | D:3      | Reached ** piety under Lugonu
  2638 | D:3      | Found a shadowy altar of Dithmenos.
  2750 | D:3      | Found a runed door.
  3020 | D:3      | Noticed Crazy Yiuf
  3025 | D:3      | Slain by Crazy Yiuf

Skill      XL: |  1  2  3 |
---------------+----------+-----
Axes           | 2 |  2.7
Armour         | 2 |  2.2
Dodging        | 1 |  1.0
Fighting       | |  3.7
Invocations    | |  2.6

Action                   |  1- 3 |  4- 6 || total
-------------------------+-------+-------++-------
Melee: Hand axe          |   143 |    25 ||   168
       Kick              |    19 |    15 ||    34
       War axe           |       |    27 ||    27
Invok: Depart the Abyss  |     1 |       ||     1
  Use: Potion            |     2 |     1 ||     3
       Scroll            |     6 |       ||     6
  Eat: Chunk             |     2 |     1 ||     3
Armor: Leather armour    |    35 |       ||    35
       Chain mail        |    47 |    79 ||   126
Dodge: Dodged            |    79 |    18 ||    97
